 Dungeon Crawl Stone Soup version 0.26-a0-451-gacbe401039 (webtiles) character file.

Game seed: 10607573562600881471

487 Misa the Magician (level 6, -4/35 HPs)
             Began as a Deep Elf Fire Elementalist on July 26, 2020.
             Was a Follower of Vehumet.
             Slain by Sigmund
             ... wielding a +0 scythe
              (12 damage)
             ... on level 4 of the Dungeon on July 28, 2020.
             The game lasted 00:10:29 (3856 turns).

Misa the Magician (Deep Elf Fire Elementalist)      Turns: 3856, Time: 00:10:29

Health: -4/35      AC:  3    Str:  2 (5)  XL:     6   Next: 89%
Magic:  7/15       EV: 14    Int: 22      God:    Vehumet [*.....]
Gold:   194        SH:  0    Dex: 15      Spells: 13/14 levels left

rFire    + . .     SeeInvis .   n - +4 mace (holy)
rCold    . . .     Faith    .   (no shield)
rNeg     . . .     Spirit   .   a - +0 robe
rPois    .         Reflect  .   (no helmet)
rElec    .         Harm     .   p - +0 cloak
rCorr    .                      (no gloves)
MR       .....                  (no boots)
Stlth    +++.......             c - amulet of the acrobat
HPRegen  0.11/turn              h - ring of protection from fire
MPRegen  0.14/turn              (no ring)

@: no status effects
A: no striking features
a: Renounce Religion


You were on level 4 of the Dungeon.
You worshipped Vehumet.
Vehumet was aware of your devotion.
You visited 1 branch of the dungeon, and saw 4 of its levels.

You collected 194 gold pieces.

Inventory:

Hand Weapons
 n - a +4 mace of holy wrath (weapon)
 r - a +0 dagger of venom
Armour
 a - a +0 robe (worn)
 p - a +0 cloak (worn)
Jewellery
 c - an amulet of the acrobat (around neck)
 h - a ring of protection from fire (left hand)
Scrolls
 b - 5 scrolls of remove curse {unknown}
 d - a scroll of immolation {unknown}
 e - a scroll of fog {unknown}
 f - a scroll of identify {unknown}
 j - 2 scrolls of teleportation {unknown}
 o - a scroll of blinking {unknown}
Potions
 g - a potion of haste {unknown}
 i - a potion of degeneration
 k - 2 potions of berserk rage {unknown}
 l - a potion of curing
 m - a potion of heal wounds
 q - a potion of brilliance {unknown}


   Skills:
 + Level 2.0 Fighting
 + Level 4.3 Dodging
 + Level 4.4 Stealth
 + Level 4.9 Spellcasting
 + Level 3.2 Conjurations
 + Level 4.6 Fire Magic


You had 13 spell levels left.
You knew the following spells:

 Your Spells              Type           Power        Failure   Level
a - Foxfire               Conj/Fire      ###.         1%          1

Your spell library contained the following spells:

 Spells                   Type           Power        Failure   Level
 Sandblast                Erth           #.....       11%         1
 Conjure Flame            Conj/Fire      ###.....     6%          3
 Animate Skeleton         Necr           #.....       11%         1
 Apportation              Tloc           #.....       11%         1
 Corona                   Hex            #......      11%         1
 Summon Small Mammal      Summ           #...         11%         1
 Inner Flame              Hex/Fire       ###.....     12%         3
 Sticky Flame             Conj/Fire      ###.....     21%         4
 Fireball                 Conj/Fire      ###.......   50%         5


Dungeon Overview and Level Annotations

Branches:
Dungeon (4/15)
 Temple: D:4-7

Altars:
Hepliaklqana
Ru
Vehumet

Annotations:
D:4 Sigmund


Message History

Sigmund flickers and vanishes!
Deactivating autopickup; reactivate with Ctrl-A.
Casting: Foxfire (safe; 1% risk of failure)
Confirm with . or Enter, or press ? or * to list all spells.
You conjure some foxfire!
The worker ant misses you. Something hits you!
Casting: Foxfire (safe; 1% risk of failure)
Confirm with . or Enter, or press ? or * to list all spells.
You conjure some foxfire!
The foxfire hits the worker ant.
The worker ant is heavily wounded.
The foxfire hits something.
The foxfire hits the worker ant but does no damage.
The worker ant is heavily wounded.
The worker ant bites you.
* * * LOW HITPOINT WARNING * * *
You hit the worker ant but do no damage.
The worker ant is heavily wounded.
The foxfire hits the worker ant.
The worker ant is almost dead.
The worker ant closely misses you. Something hits you!
You die...

####. ..... .....#. ..
..... ......... ##.##
..............# #...#####
..###.........###.......#
....#....................
##............##..<.....#
#..............§..{......
....# .>.......§@a.......
...# ####....#######....
.### #.....'#######+ .
#.#####.....#...#...#
.$##.......##.>.#.>.#
...#.......##...#...#
...........###### ###
...........##...
...........##.>.#


You could see a worker ant.

Vanquished Creatures
  Grinder (D:4)
  A jelly (D:4)
  A centaur skeleton (D:4)
  An orc priest (D:4)
  An orc wizard (D:4)
  A worker ant (D:4)
  A hound skeleton (D:3)
  2 adders (D:2)
  A worm (D:2)
  A dart slug (D:1)
  2 leopard geckos (D:2)
  9 orcs
  4 bats (D:1)
  16 giant cockroaches
  10 goblins
  6 hobgoblins
  12 jackals
  2 quokkas (D:3)
  2 frilled lizards
  6 kobolds
  8 rats
88 creatures vanquished.

Vanquished Creatures (others)
  368 foxfires
368 creatures vanquished.

Grand Total: 456 creatures vanquished

Notes
Turn   | Place    | Note
-------+----------+-------------------------------------------
     0 | D:1      | Misa the Deep Elf Fire Elementalist began the quest for the
                  | Orb.
     0 | D:1      | Reached XP level 1. HP: 10/10 MP: 6/6
   130 | D:1      | Reached XP level 2. HP: 10/15 MP: 1/8
  1294 | D:2      | Reached XP level 3. HP: 19/19 MP: 6/10
  1898 | D:2      | Reached XP level 4. HP: 24/24 MP: 2/11
  2261 | D:2      | Found a radiant altar of Vehumet.
  2269 | D:2      | Became a worshipper of Vehumet
  2654 | D:2      | Upgraded the game from 0.26-a0-438-g4b1dca4f87 to
                  | 0.26-a0-451-gacbe401039
  3195 | D:3      | Reached skill level 1 in Fighting
  3386 | D:3      | Reached * piety under Vehumet
  3386 | D:3      | Offered knowledge of Sandblast by Vehumet.
  3468 | D:4      | Reached XP level 5. HP: 29/29 MP: 7/13
  3498 | D:4      | Found a hazy altar of Hepliaklqana.
  3624 | D:4      | Found a sacrificial altar of Ru.
  3647 | D:4      | Noticed Grinder
  3664 | D:4      | Killed Grinder
  3664 | D:4      | Reached XP level 6. HP: 22/35 MP: 2/15
  3844 | D:4      | Noticed Sigmund
  3856 | D:4      | Slain by Sigmund

Illustrated notes

Levels and vault maps discovered:
D:1:      psy_arrival_statuary, layout_basic
D:2:      minmay_roachtagon, layout_loops_corners, overflow_temple_1_default,
          feat_on_display
D:3:      layout_loops_ring, minmay_crystal_room
D:4:      layout_cave_pools, nicolae_overflow_crystal_walls, kennysheep_mini,
          nicolae_ossuary_entry_false_entrances, uniq_grinder, uniq_sigmund,
          uniq_blork_the_orc

Skill      XL: |  1  2  3  4  5 |
---------------+----------------+-----
Stealth        | 3 4 |  4.4
Dodging        | 3 4 |  4.3
Conjurations   | 2 3 |  3.2
Fire Magic     | 4 |  4.6
Fighting       | 1 2 |  2.0
Spellcasting   | 4 |  4.9

Action                   |  1- 3 |  4- 6 || total
-------------------------+-------+-------++-------
Melee: Unarmed           |     1 |       ||     1
       Short sword       |     6 |     2 ||     8
       Mace              |       |    11 ||    11
 Cast: Foxfire           |   102 |   130 ||   232
  Use: Potion            |       |     2 ||     2
 Stab: Sleeping          |     1 |     2 ||     3
Armor: Robe              |     4 |    13 ||    17
Dodge: Dodged            |    28 |    79 ||   107

Table legend: (Time is in decaauts)
 A = Elapsed time spent in this place.
 B = Non-inter-level travel time spent in this place.
 C = Inter-level travel time spent in this place.
 D = Time resting spent in this place.
 E = Time spent auto-exploring this place.
 F = Levels seen in this place.
 G = Mean time per level.
                   A        B        C        D        E       F      G
               +--------+--------+--------+--------+--------+-----+--------+
         Total |   3861 |   3751 |    110 |   1075 |   1791 |   4 |  965.2 |
       Dungeon |   3861 |   3751 |    110 |   1075 |   1791 |   4 |  965.2 |
               +--------+--------+--------+--------+--------+-----+--------+

Top non-repeatable levels by time:
     D:2: 1481 daAuts
     D:1: 1224 daAuts
     D:3: 813 daAuts
     D:4: 343 daAuts
